 Dungeon Crawl Stone Soup version 0.22.1-5-g62c59d919a (webtiles) character file.

72 Adamkad1 the Insei (level 4, -3/36 HPs)
             Began as a Draconian Transmuter on Jan 10, 2019.
             Killed from afar by an orc wizard (6 damage)
             ... with a magic dart
             ... on level 3 of the Dungeon.
             The game lasted 00:03:03 (1661 turns).

Adamkad1 the Insei (Draconian Transmuter)           Turns: 1661, Time: 00:03:04

Health: -3/36      AC:  5    Str: 12    XL:     4   Next: 6%
Magic:  6/8        EV: 12    Int: 14    God:
Gold:   155        SH:  0    Dex: 12    Spells: 2/8 levels left

rFire    . . .     SeeInvis .     - Unarmed
rCold    . . .     Gourm    .   (no shield)
rNeg     . . .     Faith    .   (armour unavailable)
rPois    .         Spirit   .   (helmet restricted)
rElec    .         Reflect  .   (no cloak)
rCorr    .         Harm     .   (no gloves)
MR       .....                  (no boots)
Stlth    +.........             (no amulet)
HPRegen  0.12/turn              (no ring)
MPRegen  0.11/turn              (no ring)

@: no status effects
A: unfitting armour, cold-blooded, AC +5
a: no special abilities


You were on level 3 of the Dungeon.
You were not hungry.

You visited 1 branch of the dungeon, and saw 3 of its levels.

You collected 155 gold pieces.

Inventory:

Missiles
 a - 24 arrows
Scrolls
 b - a scroll of random uselessness {unknown}
 e - 3 scrolls of amnesia {unknown}
 f - a scroll of blinking {unknown}
 g - a scroll of remove curse {unknown}
 h - a scroll of teleportation {unknown}
 k - 2 scrolls of identify {unknown}
 l - a scroll of fear {unknown}
Potions
 i - a potion of mutation {unknown}
 j - a potion of curing {unknown}
 m - a potion of degeneration {unknown}
Comestibles
 c - 6 rations
 d - 2 chunks of flesh


   Skills:
 + Level 1.7 Fighting
 + Level 2.2 Dodging
 + Level 3.2 Unarmed Combat
 * Level 2.8 Spellcasting
 * Level 2.8 Transmutations


You had 2 spell levels left.
You knew the following spells:

 Your Spells              Type           Power        Failure   Level  Hunger
a - Beastly Appendage     Tmut           #.....       7%          1    #......
b - Sticks to Snakes      Tmut           #.......     11%         2    ###....
c - Spider Form           Tmut/Pois      #.........   36%         3    ###....

Your spell library contained the following spells:

 Spells                   Type           Power        Failure   Level  Hunger
 Ice Form                 Ice/Tmut       #.......     77%         4    #####..
 Blade Hands              Tmut           #.........   88%         5    ######.


Dungeon Overview and Level Annotations

Branches:
Dungeon (3/15)

Altars:


Innate Abilities, Weirdness & Mutations

Your plain brown scales are hard. (AC +5)
You cannot fit into any form of body armour.
You are cold-blooded and may be slowed by cold attacks.


Message History

You escape the ball python's grasp.
The bat hits you but does no damage. The orc misses you.
The orc wizard barely misses you.
There is a stone staircase leading up here.
The adder hisses angrily.
The bat barely misses you. The orc wizard barely misses you.
The orc barely misses you.
The ball python bites you but does no damage.
The ball python grabs you.
You stop ascending the stairs.
The ball python constricts you.
Unknown command.
Unknown command.
You escape the ball python's grasp.
The bat misses you.
The orc wizard gestures at you while chanting.
The puff of frost hits you!
* * * LOW HITPOINT WARNING * * *
The orc hits you with a flail.
* * * LOW HITPOINT WARNING * * *
The orc wizard casts a spell at you. The magic dart hits you!
You die...

##### .....#
......# .......##
........##
.........##
.....ob@..##
......oSog.#
..........S.l...#
................#
................#
................#
...g............#
................#
................#


You could see an orc wizard, an adder, 2 orcs, a leopard gecko, a hobgoblin, a
bat and a ball python.

Vanquished Creatures
  3 oozes
  2 leopard geckos (D:2)
  An orc (D:3)
  12 bats
  A giant cockroach (D:1)
  7 goblins
  6 hobgoblins
  3 jackals
  6 kobolds
  2 ball pythons (D:2)
  4 frilled lizards
  4 rats (D:2)
51 creatures vanquished.

Notes
Turn   | Place    | Note
-------+----------+-------------------------------------------
     0 | D:1      | Adamkad1 the Draconian Transmuter began the quest for the
                  | Orb.
     0 | D:1      | Reached XP level 1. HP: 16/16 MP: 3/3
    69 | D:1      | Reached XP level 2. HP: 19/23 MP: 3/5
   370 | D:1      | Reached XP level 3. HP: 19/28 MP: 6/6
   522 | D:1      | Learned a level 2 spell: Sticks to Snakes
   526 | D:1      | Learned a level 3 spell: Spider Form
  1647 | D:3      | Reached XP level 4. HP: 35/36 MP: 4/8
  1661 | D:3      | Killed from afar by an orc wizard

Skill      XL: |  1  2 |
---------------+-------+-----
Dodging        | 2 |  2.2
Fighting       | |  1.7
Unarmed Combat | |  3.2
Spellcasting   | |  2.8
Transmutations | |  2.8

Action                   |  1- 3 |  4- 6 || total
-------------------------+-------+-------++-------
Melee: Unarmed           |   150 |    10 ||   160
       Tailslap          |    13 |       ||    13
       Headbutt          |     3 |       ||     3
       Kick              |     9 |       ||     9
       Punch             |     2 |       ||     2
 Cast: Beastly Appendage |    24 |       ||    24
       Spider Form       |     1 |       ||     1
 Stab: Sleeping          |     1 |       ||     1
  Eat: Chunk             |     3 |       ||     3
Armor: Skin              |    58 |     3 ||    61
Dodge: Dodged            |   126 |    34 ||   160
